 Dungeon Crawl Stone Soup version 0.29-a0-973-gac7da5f7f0 (webtiles) character file.

Game seed: 17986257095541860486

1158 Sudilos the Fighter (level 8, -7/54 HPs)
             Began as a Gargoyle Berserker on July 31, 2022.
             Was a Believer of Trog.
             Killed by divine providence
             ... invoked by an orc priest
              (14 damage)
             ... on level 6 of the Dungeon.
             The game lasted 00:19:07 (5751 turns).

Sudilos the Fighter (Gargoyle Berserker)            Turns: 5751, Time: 00:19:07

Health: -7/54      AC: 19    Str: 23    XL:     8   Next: 39%
Magic:  8/8        EV:  6    Int:  8    God:    Trog [**....]
Gold:   271        SH:  0    Dex:  9    Spells: 7/7 levels left

rFire   . . .      SeeInvis .   n - +2 hand axe (vorpal)
rCold   + . .      Faith    .   (no shield)
rNeg    + . .      Spirit   .   t - +0 plate armour
rPois   ∞          Reflect  .   o - +1 helmet
rElec   +          Harm     .   s - +0 cloak
rCorr   .          Rampage  .   (no gloves)
Will    .....                   (no boots)
Stlth   ..........              (no amulet)
HPRegen 0.18/turn               i - ring of protection from cold
MPRegen 0.11/turn               (no ring)

@: no status effects
A: sickness immunity, AC +5, negative energy resistance 1, electricity
resistance, torment resistance 1, petrification resistance
a: Renounce Religion, Berserk, Trog's Hand


You were on level 6 of the Dungeon.
You worshipped Trog.
Trog was pleased with you.
You visited 1 branch of the dungeon, and saw 6 of its levels.

You collected 271 gold pieces.

Inventory:

Hand Weapons
 a - a +0 hand axe
 n - a +2 vorpal hand axe (weapon)
Armour
 o - a +1 helmet (worn)
 s - a +0 cloak (worn)
 t - a +0 plate armour (worn)
 u - a +2 hat
Jewellery
 i - a ring of protection from cold (left hand)
Wands
 r - a wand of polymorph (17)
Scrolls
 b - a scroll of butterflies
 g - a scroll of noise {unknown}
 l - a scroll of poison {unknown}
 m - a scroll of teleportation {unknown}
 q - a scroll of brand weapon {unknown}
 v - a scroll of identify
 w - a scroll of vulnerability
Potions
 c - 2 potions of invisibility
 d - 4 potions of curing
 e - 2 potions of mutation {unknown}
 f - 2 potions of brilliance {unknown}
 h - 3 potions of might
 j - 3 potions of lignification
 k - 2 potions of haste
 p - a potion of attraction {unknown}


   Skills:
 + Level 8.2 Fighting
 + Level 6.8 Axes
 - Level 2.1 Armour
 - Level 1.5 Dodging


You had 7 spell levels left.
You didn't know any spells.
Your spell library was empty.

Dungeon Overview and Level Annotations

Branches:
Dungeon (6/15)             Temple (0/1) D:5

Altars:
Cheibriados
Dithmenos
Trog
Wu Jian

Shops:
D:1 (


Innate Abilities, Weirdness & Mutations

You are immune to sickness and miasma.
Your stone body is resilient. (AC +5)
You are immune to poison.
You resist negative energy. (rN+)
You are resistant to electric shocks. (rElec)
You are resistant to unholy torment.
You are immune to petrification.


Message History

You see here an amethyst potion.
e - 2 amethyst potions (gained 1)
You see here 9 gold pieces.
You now have 271 gold pieces (gained 9).
You open the door.
There is an open door here.
The orc wizard casts a spell at you. The magic dart hits you.
The orc wizard hits you but does no damage.
You slash the orc wizard!
The orc wizard is heavily wounded.
The orc wizard hits you but does no damage.
You slash the orc wizard!
You kill the orc wizard!
Trog accepts your kill.
Trog appreciates your killing of a magic user.
The orc priest invokes the aid of Beogh against you.
Pain shoots through your body!
The orc priest looks braver for a moment.
The orc priest mumbles some strange prayers to Beogh against you.
Beogh smites you!
Things that are here:
a +0 dagger; a +0 robe You closely miss the orc priest.
The orc priest barely misses you.
The orc priest attacks as you move away!
The orc priest hits you but does no damage.
A gnoll comes into view. It is wielding a +0 club.
The gnoll shouts!
You hear a shout! x3
The orc priest miscasts a cantrip.
You hear a shout! x2
The orc priest calls down the wrath of Beogh upon you.
Beogh smites you!
A gnoll comes into view. It is wielding a +0 spear.
The orc priest looks satisfied for a moment.
The orc priest mumbles some strange prayers to Beogh against you.
Beogh smites you!
* * * LOW HITPOINT WARNING * * *
The orc priest calls down the wrath of Beogh upon you.
Beogh smites you!
You die...

##.##... #...#...
...#... #......
#.....#
######<...##
#######..........#
#....[...........#
#@'########'......
#.#........#..###.
#.#⌠......⌠#...# .
#.#.._.._..#....#
#.#⌠......⌠#.#....
##g##########.##...
#FW# #$$$.###.. ...
#og##....o.# .. ..
#.S.##S.W.##


You could see a phantom, a bullfrog, an orc priest and 2 gnolls.

Vanquished Creatures
  Eustachio (D:5)
  An ice beast (D:5)
  2 black bears
  A centaur (D:5)
  A phantom (D:4)
  Blork the orc (D:5)
  A kobold brigand (D:4)
  2 scorpions
  2 hounds (D:5)
  Crazy Yiuf (D:2)
  Jessica (D:2)
  An orc wizard (D:6)
  An iguana (D:5)
  6 adders
  3 worms (D:2)
  3 dart slugs
  9 orcs (D:4)
  12 endoplasms
  A giant cockroach (D:1)
  6 goblins
  8 hobgoblins
  6 jackals
  10 kobolds
  4 quokkas
  2 ball pythons
  3 bats
  2 frilled lizards
  5 rats
96 creatures vanquished.

Vanquished Creatures (others)
  17 demonic plants (D:2)
  3 fungi (D:2)
  6 plants (D:2)
  5 withered plants (D:2)
31 creatures vanquished.

Grand Total: 127 creatures vanquished

Notes
Turn   | Place    | Note
-------+----------+-------------------------------------------
     0 | D:1      | Sudilos the Gargoyle Berserker began the quest for the Orb.
     0 | D:1      | Reached XP level 1. HP: 14/14 MP: 1/1
   147 | D:1      | HP: 1/21 [frozen (3)]
   149 | D:1      | Reached XP level 2. HP: 2/19 MP: 2/2
   875 | D:1      | Found Vocekaik's Weapon Emporium.
  1542 | D:1      | Reached XP level 3. HP: 24/24 MP: 3/3
  1614 | D:1      | Reached skill level 4 in Fighting
  1747 | D:2      | Found an ornate altar of the Wu Jian Council.
  1769 | D:2      | Noticed Jessica
  2315 | D:2      | Found a faded altar of an unknown god.
  2328 | D:2      | Killed Jessica
  2329 | D:2      | Reached XP level 4. HP: 30/30 MP: 4/4
  2533 | D:2      | Found a runed translucent door.
  2534 | D:2      | Noticed Crazy Yiuf
  2542 | D:2      | Killed Crazy Yiuf
  2543 | D:2      | Reached XP level 5. HP: 34/34 MP: 5/5
  2686 | D:2      | Reached ** piety under Trog
  2791 | D:2      | Reached skill level 5 in Fighting
  3613 | D:4      | Noticed a black bear
  3623 | D:4      | Killed a black bear
  3624 | D:4      | Reached XP level 6. HP: 40/40 MP: 6/6
  3758 | D:4      | Reached skill level 6 in Fighting
  3758 | D:4      | Reached skill level 5 in Axes
  4404 | D:5      | Entered Level 5 of the Dungeon
  4447 | D:5      | Noticed Eustachio
  4545 | D:4      | Reached XP level 7. HP: 47/47 MP: 7/7
  4762 | D:5      | Found a snail-covered altar of Cheibriados.
  4857 | D:5      | Reached skill level 7 in Fighting
  4942 | D:5      | Noticed Blork the orc
  4943 | D:5      | Found a staircase to the Ecumenical Temple.
  4961 | D:5      | Killed Blork the orc
  5175 | D:5      | Reached XP level 8. HP: 40/53 MP: 8/8
  5423 | D:5      | Killed Eustachio
  5487 | D:5      | Reached skill level 8 in Fighting
  5708 | D:6      | Found a shadowy altar of Dithmenos.
  5709 | D:6      | Found a bloodstained altar of Trog.
  5751 | D:6      | Killed from afar by an orc priest

Illustrated notes

Levels and vault maps discovered:
D:1:      dpeg_arrival_houses_and_road, layout_loops_ring, serial_shops,
          nicolae_shop_bloodbath_and_beyond
D:2:      layout_rooms, shapermc_ecumenical_altar_gd, basic_altar,
          uniq_crazy_yiuf_cottage, uniq_jessica
D:3:      layout_rooms, hex_large, kennysheep_generic_room_9
D:4:      layout_loops_ring
D:5:      layout_cave_pods, cheibriados_altar_1, minmay_temple_entry_steel_oval,
          uniq_eustachio, uniq_blork_the_orc
D:6:      layout_cave_pools, minmay_overflow_temple_star_hex,
          jmf_multi_god_temple, serial_shops, shop,
          nicolae_shop_i_like_big_books

Skill      XL: |  1  2  3  4  5  6  7  8 |
---------------+-------------------------+-----
Axes           | 3 4 5 6 |  6.8
Fighting       | 4 5 6 7 8 |  8.2
Armour         | |  2.1
Dodging        | |  1.5

Action                   |  1- 3 |  4- 6 |  7- 9 || total
-------------------------+-------+-------+-------++-------
Melee: Hand axe          |   102 |   149 |    80 ||   331
       Punch             |       |       |     1 ||     1
Invok: Berserk           |     4 |     3 |     1 ||     8
  Use: Scroll            |       |     5 |     2 ||     7
 Stab: Sleeping          |     2 |       |       ||     2
Armor: Animal skin       |    27 |     2 |       ||    29
       Chain mail        |       |    21 |       ||    21
       Skin              |       |     1 |    13 ||    14
       Plate armour      |       |    66 |    55 ||   121
Dodge: Dodged            |    49 |    32 |    23 ||   104

Table legend: (Time is in decaauts)
 A = Elapsed time spent in this place.
 B = Non-inter-level travel time spent in this place.
 C = Inter-level travel time spent in this place.
 D = Time resting spent in this place.
 E = Time spent auto-exploring this place.
 F = Levels seen in this place.
 G = Mean time per level.
                   A        B        C        D        E       F      G
               +--------+--------+--------+--------+--------+-----+--------+
         Total |   5854 |   5632 |    222 |   1852 |   2652 |   6 |  975.7 |
       Dungeon |   5854 |   5632 |    222 |   1852 |   2652 |   6 |  975.7 |
               +--------+--------+--------+--------+--------+-----+--------+

Top non-repeatable levels by time:
     D:1: 2129 daAuts
     D:5: 1204 daAuts
     D:2: 954 daAuts
     D:4: 851 daAuts
     D:3: 660 daAuts
     D:6: 54 daAuts
